 Dungeon Crawl Stone Soup version 0.25-a0-1056-g2efb326896 (webtiles) character file.

Game seed: 11400617133777033056, levelgen mode: deterministic

201050 vurker the Slicer (level 18, -9/151 HPs)
             Began as a Gnoll Wanderer on May 13, 2020.
             Was the Champion of Cheibriados.
             Killed from afar by Nikola (17 damage)
             ... with a chain lightning
             ... on level 3 of the Lair of Beasts.
             The game lasted 01:27:14 (38718 turns).

vurker the Slicer (Gnoll Wanderer)                 Turns: 38718, Time: 01:27:15

Health: -9/151     AC: 24    Str: 32    XL:     18   Next: 53%
Magic:  0/41       EV: 28    Int: 34    God:    Cheibriados [******]
Gold:   473        SH: 16    Dex: 32    Spells: 17/44 levels left

rFire    . . .     SeeInvis .   b - +4 scimitar (vamp)
rCold    + . .     Gourm    .   G - +0 kite shield {reflect}
rNeg     + . .     Faith    .   F - +5 scale mail of a sewer {Int+2}
rPois    +         Spirit   +   U - +0 helmet
rElec    .         Reflect  +   l - +2 ratskin cloak {+Rats rPois rN+ Str-1 Int-1 Dex+1}
rCorr    .         Harm     .   f - +1 pair of gloves
MR       +....                  (no boots)
Stlth    +++++.....             w - amulet of guardian spirit
HPRegen  0.35/turn              D - ring of magical power
MPRegen  0.27/turn              o - +4 ring of evasion

@: studying Short Blades, very slow
A: distributed training, fangs 1, rugged brown scales 3, cold resistance 1, low
mp 1, strong nose
}: 1/15 runes: serpentine
a: Bend Time, Temporal Distortion, Slouch, Step From Time, Renounce Religion,
Evoke Ratskin


You were on level 3 of the Lair of Beasts.
You worshipped Cheibriados.
Cheibriados was exalted by your worship.
You were not hungry.

You visited 6 branches of the dungeon, and saw 29 of its levels.
You also visited: Ossuary and Ice Cave.

You collected 2562 gold pieces.
You spent 2089 gold pieces at shops.

Inventory:

Hand Weapons
 a - a +5 whip of pain
   (You took it off a kobold on level 1 of the Dungeon)
 b - a +4 vampiric scimitar (weapon)
   (You took it off Donald on level 1 of the Snake Pit)
 P - the +3 long sword "Zipeesukk" {elec, rC- MR++ Str+3 Stlth+}
   (You bought it in a shop on level 1 of the Snake Pit)

   Occasionally, upon striking a foe, it will discharge some electrical energy
   and cause terrible harm.
   It affects your strength (+3).
   It makes you vulnerable to cold.
   It affects your resistance to hostile enchantments.
   It makes you more stealthy.
Missiles
 Q - 2 throwing nets (quivered)
Armour
 f - a +1 pair of gloves (worn)
   (You found it on level 3 of the Lair of Beasts)
 l - the +2 ratskin cloak (worn) {+Rats rPois rN+ Str-1 Int-1 Dex+1}
   (You found it on level 1 of the Lair of Beasts)

   It affects your strength (-1).
   It affects your intelligence (-1).
   It affects your dexterity (+1).
   It protects you from poison.
   It protects you from negative energy.
 F - the +5 scale mail of a sewer (worn) {Int+2}
   (You found it on level 11 of the Dungeon)

   It affects your intelligence (+2).
 G - a +0 kite shield of reflection (worn)
   (You took it off Donald on level 1 of the Snake Pit)
 U - a +0 helmet (worn)
   (You found it on level 3 of the Snake Pit)
Jewellery
 j - an uncursed ring of protection from fire
   (You took it off a goblin on level 1 of the Dungeon)
 o - a +4 ring of evasion (right hand)
   (You found it on level 2 of the Dungeon)
 w - an amulet of guardian spirit (around neck)
   (You took it off a kobold on level 2 of the Dungeon)
 D - a ring of magical power (left hand)
   (You found it on level 7 of the Dungeon)
 L - an uncursed ring of ice
   (You found it on level 11 of the Dungeon)
 N - an uncursed ring of flight
   (You found it on level 2 of the Lair of Beasts)
Wands
 d - a wand of iceblast (19)
   (You took it off a naga on level 4 of the Snake Pit)
 m - a wand of enslavement (6)
   (You took it off Nessos on level 15 of the Dungeon)
 p - a wand of polymorph (15)
   (You found it on level 5 of the Dungeon)
 t - a wand of flame (61)
   (You found it on level 3 of the Lair of Beasts)
 u - a wand of paralysis (9)
   (You found it on level 6 of the Dungeon)
 v - a wand of digging (7)
   (You found it on level 3 of the Lair of Beasts)
 x - a wand of acid (2)
   (You found it on level 8 of the Dungeon)
 V - a wand of clouds (4)
   (You found it on level 3 of the Snake Pit)
Scrolls
 g - 6 scrolls of fog
 h - 8 scrolls of remove curse
 i - a scroll of summoning
 k - 13 scrolls of magic mapping
 q - 7 scrolls of amnesia
 r - 2 scrolls of enchant armour
 y - 11 scrolls of blinking
 A - 6 scrolls of immolation
 B - 6 scrolls of teleportation
 E - a scroll of fear
 R - a scroll of identify
 S - a scroll of vulnerability
Potions
 n - 4 potions of brilliance
 s - 4 potions of magic
 z - 2 potions of might
 C - 5 potions of resistance
 H - 9 potions of curing
 I - 4 potions of heal wounds
 K - 4 potions of lignification
 M - a potion of invisibility
 O - 8 potions of flight
 T - 4 potions of ambrosia
Books
 c - a manual of Short Blades
   (You found it on level 6 of the Lair of Beasts)
Miscellaneous
 J - a box of beasts
Comestibles
 e - 50 rations


   Skills:
 + Level 12.7 Fighting
 + Level 14.1 Short Blades
 + Level 12.0 Long Blades
 + Level 12.0 Axes
 + Level 12.0 Maces & Flails
 + Level 12.0 Polearms
 + Level 12.0 Staves
 + Level 12.0 Slings
 + Level 12.0 Bows
 + Level 12.0 Crossbows
 + Level 12.3 Throwing
 + Level 12.0 Armour
 + Level 12.3 Dodging
 + Level 12.0 Stealth
 + Level 12.3 Shields
 + Level 12.0 Unarmed Combat
 + Level 13.6 Spellcasting
 + Level 10.3 Conjurations
 + Level 10.3 Hexes
 + Level 10.3 Charms
 + Level 10.3 Summonings
 + Level 10.3 Necromancy
 + Level 10.3 Translocations
 + Level 10.3 Transmutations
 + Level 10.3 Fire Magic
 + Level 10.3 Ice Magic
 + Level 10.3 Air Magic
 + Level 10.3 Earth Magic
 + Level 11.0 Poison Magic
 + Level 13.0 Invocations
 + Level 12.0 Evocations


You had 17 spell levels left.
You knew the following spells:

 Your Spells              Type           Power        Failure   Level  Hunger
a - Bolt of Magma         Conj/Fire/Erth #######...   1%          5    None
b - Borgnjor's Vile Clut  Necr/Erth      #######...   1%          5    None
c - Fireball              Conj/Fire      #######...   1%          5    None
m - Olgreb's Toxic Radia  Pois           #######.     1%          4    None
n - Ignite Poison         Fire/Tmut/Pois #######.     1%          3    None
q - Summon Mana Viper     Hex/Summ       #######.     1%          5    None

Your spell library contained the following spells:

 Spells                   Type           Power        Failure   Level  Hunger
 Apportation              Tloc           ######       1%          1    None
 Infusion                 Chrm           ####         1%          1    None
 Sting                    Tmut/Pois      ####         1%          1    None
 Summon Butterflies       Summ           #######.     1%          1    None
 Poisonous Vapours        Pois/Air       ######       1%          2    None
 Swiftness                Chrm/Air       #######.     1%          2    None
 Lesser Beckoning         Tloc           #######...   1%          3    None
 Mephitic Cloud           Conj/Pois/Air  #######.     1%          3    None
 Recall                   Summ/Tloc      N/A          1%          3    None
 Tukima's Dance           Hex            #######.     1%          3    None
 Animate Dead             Necr           N/A          1%          4    None
 Cause Fear               Hex            #######...   1%          4    None
 Alistair's Intoxication  Tmut/Pois      #######.     1%          5    None
 Aura of Abjuration       Summ           #######...   1%          5    None
 Iskenderun's Battlesphe  Conj/Chrm      #######.     1%          5    None
 Metabolic Englaciation   Hex/Ice        #######...   1%          5    None
 Silence                  Hex/Air        #######...   1%          5    None
 Summon Demon             Summ           #######...   1%          5    None
 Summon Forest            Summ/Tloc      #######...   1%          5    None
 Yara's Violent Unravell  Hex/Tmut       #######...   1%          5    None
 Death Channel            Necr           #######...   10%         6    ###....
 Invisibility             Hex            #######.     10%         6    ###....
 Iron Shot                Conj/Erth      #######...   10%         6    ###....
 Ozocubu's Refrigeration  Ice            #######...   10%         6    ###....
 Shadow Creatures         Summ           N/A          10%         6    ###....
 Simulacrum               Ice/Necr       #######...   10%         6    ###....
 Starburst                Conj/Fire      #######...   10%         6    ###....
 Orb of Destruction       Conj           #######...   47%         7    #####..
 Ring of Flames           Chrm/Fire      #######...   47%         7    #####..
 Spellforged Servitor     Conj/Summ      #######...   47%         7    #####..
 Discord                  Hex            #######...   99%         8    ######.
 Ignition                 Fire           #######...   99%         8    ######.


Dungeon Overview and Level Annotations

Branches:
Dungeon (15/15)            Temple (1/1) D:4            Lair (6/6) D:11
 Shoals (1/4) Lair:3        Snake (4/4) Lair:3        Slime (0/5) Lair:5
    Orc (2/2) D:12            Elf (0/3) Orc:2        Vaults (0/5) D:13
 Depths (0/5) D:15        Ossuary (visited)           IceCv (visited)

Altars:
Ashenzari
Cheibriados
Dithmenos
Elyvilon
Fedhas
Gozag
Hepliaklqana
Kikubaaqudgha
Okawaru
Qazlal
Ru
Sif Muna
Trog
Uskayaw
Vehumet
Wu Jian
Xom
Yredelemnul
Beogh
Jiyva

Shops:
D:4 *   D:6 *   D:8 ?(}[   D:10 =   Orc:2 !*%}   Snake:1 *[

Annotations:
Lair:3 Nikola
Shoals:1 Louise


Innate Abilities, Weirdness & Mutations

Your experience applies equally to all skills.
You have very sharp teeth.
Your uncanny sense of smell can sniff out nearby items.
You are completely covered in rugged brown scales. (AC +3, +7% HP)
Your flesh is cold resistant. (rC+)
Your magical capacity is low. (-10% MP)


Message History

Something hits you but does no damage.
You are electrocuted!
* * * LOW HITPOINT WARNING * * *
You block something's attack.
Nikola appears from thin air!
Reactivating autopickup.
Nikola gestures wildly while chanting.
Nikola blinks!
Nikola casts a spell.
You hear a mighty clap of thunder!
The lightning arc arcs out of your line of sight!
You hear a mighty clap of thunder!
The lightning arc suddenly appears!
The lightning arc hits Nikola.
The lightning arc hits you!!
* * * LOW HITPOINT WARNING * * *
The lightning arc hits Nikola.
The lightning arc arcs out of your line of sight!
You hear a mighty clap of thunder!
The lightning arc suddenly appears!
The lightning arc hits Nikola!
The lightning arc arcs out of your line of sight!
The +3 long sword "Zipeesukk" {elec, rC- MR++ Str+3 Stlth+} stops crackling.
You feel a sense of dread.
b - a +4 vampiric scimitar (weapon)
You hit Nikola.
You feel better.
You bite Nikola.
Nikola warns, "If you see one of my golems, approach with caution, they bite."
You block Nikola's attack.
You closely miss Nikola. You barely miss Nikola.
You bite Nikola, but do no damage. Nikola hits you but does no damage.
You slice Nikola!!
You feel better.
Your bite misses Nikola. Nikola misses you.
You riposte.
You slash Nikola!
You feel better.
You slash Nikola! You bite Nikola. You slash Nikola! You bite Nikola.
Nikola hits you but does no damage.
You are electrocuted!
* * * LOW HITPOINT WARNING * * *
Aim: Nikola, wielding a +3 rapier of electrocution, wearing a +0 cloak and wearing a +2 pair of gloves (moderately wounded) Zombie hands grab Nikola.
The zombie hands constrict Nikola.
Nikola mumbles some strange words.
Nikola struggles to blink free from constriction.
You hit Nikola.
You feel better.
You bite Nikola.
The zombie hands constrict Nikola!
Nikola casts a spell.
You hear a mighty clap of thunder!
The lightning arc hits you!!
* * * LOW HITPOINT WARNING * * *
The lightning arc hits Nikola.
The lightning arc hits you!!
* * * LOW HITPOINT WARNING * * *
The lightning arc hits Nikola!
The lightning arc hits you!!
You die...

####..##.†#####.##≈)≈≈######..###
#.#.####...# ###≈≈≈≈##.## ##.#
.#.#####...####...≈≈##...###..###
.....##P..##P.....≈##....##....##
.....##...##.......#....###....##
.....###..####.....#.....###..P##
#...## #...# ###...#.....####..##
##.#####..######@.≈##.....#.#'#..
##...#.#........@≈≈≈##...........
................#≈≈≈≈##..........
................##≈≈≈≈##.........
.................#≈≈>≈≈#<........
....^............##≈≈≈≈#.........
#..#.#............#≈≈≈≈#.#..PP..#
###.####..........##≈≈##..#..##.#
##...##......P#..P'####...#.+###.
#....###......##...P.....#.#.....


You could see Nikola (clutched).

Vanquished Creatures
  Vashnia (Snake:4)
  Jorgrun (D:14)
  Donald (Snake:1)
  5 nagarajas (Snake:4)
  An orc warlord (D:12)
  2 stone giants (Orc:2)
  Nessos (D:15)
  8 hydras
  Erolcha (Orc:2)
  4 ogre magi
  2 vault guards (D:13)
  13 naga warriors
  9 anacondas
  An alligator (Snake:3)
  23 two-headed ogres
  2 centaur warriors
  A catoblepas (D:14)
  A tengu warrior (D:15)
  7 death yaks
  An orc high priest (Orc:2)
  7 shock serpents
  11 naga sharpshooters
  2 salamander mystics (Snake:3)
  Sonja (Lair:6)
  3 swamp dragons (Snake:3)
  6 naga ritualists
  5 unseen horrors
  A flayed ghost (D:15)
  5 sea snakes
  A wizard (D:14)
  An orc knight (Orc:1)
  5 deep elf magi
  4 mana vipers
  9 orc sorcerers
  6 cyclopes
  18 ugly things
  An oklob plant (Lair:5)
  3 merfolk sirens
  6 salamanders
  4 guardian serpents
  A water nymph (Shoals:1)
  28 black mambas
  25 naga magi
  15 elephants
  2 gargoyles
  A spiny frog (shapeshifter) (D:13)
  3 rime drakes
  28 spiny frogs
  6 centaur skeletons
  7 kobold demonologists
  9 komodo dragons
  An efreet (D:15)
  An ice devil (IceCv)
  A merfolk (Shoals:1)
  3 meliai (D:14)
  2 trolls
  6 slime creatures
  27 blink frogs
  5 tyrant leeches (Lair:6)
  9 dream sheep
  10 hippogriffs
  A snapping turtle (Shoals:1)
  2 water elementals (D:14)
  2 shadows
  4 wyverns (D:11)
  9 humans (D:13)
  4 vampires
  32 yaks
  2 basilisks
  19 vampire mosquitoes
  Menkaure (D:5)
  A hungry ghost (D:13)
  3 swamp worms (Snake:3)
  6 wargs
  63 nagas
  2 acid dragons (D:11)
  14 water moccasins
  2 sky beasts
  Duvessa (D:5)
  32 orc warriors
  5 porcupines
  2 ice beasts
  An eye of draining (D:13)
  5 black bears
  5 wolves (Lair:3)
  4 phantoms
  2 necrophages
  17 ogres
  12 centaurs
  8 crocodiles
  3 elf zombies (Ossuary)
  5 big kobolds
  29 bullfrogs
  A wyvern zombie (D:14)
  A wyvern skeleton (D:14)
  4 scorpions
  Dowan (D:5)
  4 killer bees (D:10)
  2 howler monkeys
  4 centaur zombies
  5 electric eels
  7 crimson imps
  2 bullfrog zombies
  A gnoll shaman (Temple)
  2 quasits
  27 orc priests
  3 hounds
  5 jellies
  33 orc wizards
  6 iguanas
  7 worker ants
  2 big kobold zombies (Ossuary)
  A hound zombie (D:7)
  A hound skeleton (D:5)
  2 mummies (Ossuary)
  A worker ant zombie (D:8)
  7 gnolls
  11 adders
  A shadow imp (D:8)
  12 white imps
  An ooze (D:3)
  3 adder skeletons
  4 worms
  2 dart slugs (D:3)
  10 leopard geckos
  100 orcs
  6 giant cockroaches
  10 goblins
  13 hobgoblins
  18 jackals
  26 kobolds
  9 quokkas
  4 ball pythons
  7 bats
  3 frilled lizards
  A goblin zombie (Ossuary)
  6 hobgoblin zombies (Ossuary)
  A jackal zombie (Ossuary)
  11 kobold zombies (Ossuary)
  9 orc zombies (Ossuary)
  A quokka skeleton (D:5)
  11 rats
  3 rat zombies (Ossuary)
  A fungus (Lair:6)
  2 plants
1087 creatures vanquished.

Vanquished Creatures (collateral kills)
  A mana viper (Snake:4)
  A black mamba (Snake:3)
  A naga mage (Snake:3)
  A naga (Snake:3)
4 creatures vanquished.

Vanquished Creatures (others)
  4 naga sharpshooters
  A salamander (Snake:2)
  A human (D:13)
  A naga (Snake:4)
  21 fungi
  125 plants
153 creatures vanquished.

Grand Total: 1244 creatures vanquished

Notes
Turn   | Place    | Note
-------+----------+-------------------------------------------
     0 | D:1      | vurker the Gnoll Wanderer began the quest for the Orb.
     0 | D:1      | vurker set off with the following items: a +0 club, a
                  | potion of lignification, a potion of curing, a +0 robe, a
                  | ration; and the following spell memorised: Sting; and the
                  | following spells available to memorise: Poisonous Vapours,
                  | Ignite Poison, Mephitic Cloud, Olgreb's Toxic Radiance
     0 | D:1      | Reached XP level 1. HP: 20/20 MP: 8/8
   223 | D:1      | Reached XP level 2. HP: 24/26 MP: 10/10
   991 | D:1      | Reached XP level 3. HP: 31/31 MP: 11/11
  1518 | D:2      | Reached skill level 1 in Invocations
  1645 | D:2      | Reached skill level 1 in Short Blades
  1645 | D:2      | Reached skill level 1 in Long Blades
  1645 | D:2      | Reached skill level 1 in Axes
  1645 | D:2      | Reached skill level 1 in Maces & Flails
  1645 | D:2      | Reached skill level 1 in Polearms
  1645 | D:2      | Reached skill level 1 in Staves
  1645 | D:2      | Reached skill level 1 in Slings
  1645 | D:2      | Reached skill level 1 in Bows
  1645 | D:2      | Reached skill level 1 in Crossbows
  1645 | D:2      | Reached skill level 1 in Armour
  1645 | D:2      | Reached skill level 1 in Stealth
  1645 | D:2      | Reached skill level 1 in Unarmed Combat
  1645 | D:2      | Reached skill level 1 in Evocations
  1662 | D:2      | Reached XP level 4. HP: 34/38 MP: 13/13
  2251 | D:3      | Reached skill level 1 in Conjurations
  2251 | D:3      | Reached skill level 1 in Hexes
  2251 | D:3      | Reached skill level 1 in Charms
  2251 | D:3      | Reached skill level 1 in Summonings
  2251 | D:3      | Reached skill level 1 in Necromancy
  2251 | D:3      | Reached skill level 1 in Translocations
  2251 | D:3      | Reached skill level 1 in Transmutations
  2251 | D:3      | Reached skill level 1 in Fire Magic
  2251 | D:3      | Reached skill level 1 in Ice Magic
  2251 | D:3      | Reached skill level 1 in Air Magic
  2251 | D:3      | Reached skill level 1 in Earth Magic
  2391 | D:3      | Reached XP level 5. HP: 43/43 MP: 12/14
  2395 | D:3      | Learned a level 2 spell: Poisonous Vapours
  2400 | D:3      | Learned a level 4 spell: Olgreb's Toxic Radiance
  2404 | D:3      | Learned a level 3 spell: Ignite Poison
  3149 | D:3      | Found a basalt altar of Yredelemnul.
  3158 | D:3      | Found a shadowy altar of Dithmenos.
  3376 | D:4      | Found a staircase to the Ecumenical Temple.
  3391 | Temple   | Entered the Ecumenical Temple
  3698 | Temple   | Became a worshipper of Cheibriados the Contemplative
  3721 | Temple   | Reached XP level 6. HP: 49/50 MP: 16/16
  3877 | D:4      | Found a bloodstained altar of Trog.
  3881 | D:4      | Found a hide-covered altar of Uskayaw.
  3881 | D:4      | Found a shimmering blue altar of Sif Muna.
  4165 | D:4      | Reached skill level 5 in Fighting
  4165 | D:4      | Reached skill level 2 in Short Blades
  4775 | D:4      | Found a blossoming altar of Fedhas.
  4775 | D:4      | Found Qulatiso's General Store.
  4783 | D:4      | Bought a scroll of identify for 22 gold pieces
  4885 | D:5      | Entered Level 5 of the Dungeon
  4999 | D:5      | Reached * piety under Cheibriados
  5093 | D:5      | Reached XP level 7. HP: 56/56 MP: 18/18
  5945 | D:5      | Noticed Menkaure
  5967 | D:5      | HP: 3/84 [Menkaure (11)]
  5979 | D:5      | HP: 2/84 [Menkaure (7)]
  5982 | D:5      | Killed Menkaure
  5982 | D:5      | Reached XP level 8. HP: 3/63 MP: 2/19
  6007 | D:5      | HP: 3/63 [phantom (3)]
  6494 | D:5      | Noticed Dowan
  6495 | D:5      | Noticed Duvessa
  6515 | D:5      | Killed Dowan
  6515 | D:5      | Reached skill level 3 in Short Blades
  6532 | D:5      | Gained mutation: You are dopey. (Int -2) [potion of
                  | mutation]
  6532 | D:5      | Gained mutation: You do not regenerate when monsters are
                  | visible. [potion of mutation]
  6532 | D:5      | Gained mutation: You are partially covered in rugged brown
                  | scales. (AC +1, +3% HP) [potion of mutation]
  6541 | D:5      | Killed Duvessa
  6553 | D:5      | Lost mutation: You are dopey. (Int -2) [potion of mutation]
  6553 | D:5      | Gained mutation: You are mostly covered in rugged brown
                  | scales. (AC +2, +5% HP) [potion of mutation]
  6553 | D:5      | Gained mutation: You have a pair of small antennae on your
                  | head. [potion of mutation]
  6553 | D:5      | Gained mutation: Your spells are a little harder to cast,
                  | but a little more powerful. [potion of mutation]
  6553 | D:5      | Gained mutation: You are resistant to electric shocks.
                  | (rElec) [potion of mutation]
  7300 | D:5      | Noticed Prince Ribbit
  7316 | D:5      | Noticed Prince Ribbit
  7316 | D:5      | Prince Ribbit changed into Prince Ribbit the big kobold
  7332 | D:5      | Killed Prince Ribbit the big kobold
  7332 | D:5      | Reached ** piety under Cheibriados
  8416 | D:6      | Found Zashata's General Store.
  8447 | D:6      | Reached XP level 9. HP: 72/72 MP: 21/21
  8566 | D:6      | Reached skill level 5 in Poison Magic
  8777 | D:7      | Reached skill level 4 in Short Blades
  8839 | D:7      | Reached *** piety under Cheibriados
  9179 | D:7      | Reached skill level 5 in Throwing
  9179 | D:7      | Reached skill level 5 in Dodging
  9179 | D:7      | Reached skill level 5 in Shields
  9428 | D:7      | Found a blossoming altar of Fedhas.
  9695 | D:8      | Found Icol's Armour Shoppe.
  9700 | D:8      | Bought a +0 buckler for 54 gold pieces
  9753 | D:8      | Found a sand-covered staircase.
  9761 | Ossuary  | Entered an ossuary
  9885 | Ossuary  | Reached **** piety under Cheibriados
  9961 | Ossuary  | Reached skill level 5 in Invocations
 10177 | D:8      | Found Caziyhix's Magic Scroll Shop.
 10201 | D:8      | Bought a scroll of teleportation for 45 gold pieces
 10201 | D:8      | Bought a scroll of blinking for 112 gold pieces
 10205 | D:8      | Bought a scroll of identify for 30 gold pieces
 10205 | D:8      | Bought a scroll of identify for 30 gold pieces
 10205 | D:8      | Bought a scroll of identify for 30 gold pieces
 10302 | D:8      | Reached XP level 10. HP: 79/79 MP: 22/22
 10314 | D:8      | Found Akhloz's Antique Weapon Shop.
 10338 | D:8      | Found Pageiv's Gadget Shoppe.
 10448 | D:8      | Reached ***** piety under Cheibriados
 10544 | D:8      | Noticed a two-headed ogre
 10556 | D:8      | Killed a two-headed ogre
 10556 | D:8      | Reached skill level 5 in Short Blades
 10556 | D:8      | Reached skill level 5 in Long Blades
 10556 | D:8      | Reached skill level 5 in Axes
 10556 | D:8      | Reached skill level 5 in Maces & Flails
 10556 | D:8      | Reached skill level 5 in Polearms
 10556 | D:8      | Reached skill level 5 in Staves
 10556 | D:8      | Reached skill level 5 in Slings
 10556 | D:8      | Reached skill level 5 in Bows
 10556 | D:8      | Reached skill level 5 in Crossbows
 10556 | D:8      | Reached skill level 5 in Armour
 10556 | D:8      | Reached skill level 5 in Stealth
 10556 | D:8      | Reached skill level 5 in Unarmed Combat
 10556 | D:8      | Reached skill level 5 in Evocations
 11463 | D:9      | You fall into a shaft and drop 1 floor!
 11463 | D:10     | Entered Level 10 of the Dungeon
 11539 | D:10     | Found Cutuocun's Jewellery Boutique.
 11646 | D:9      | Noticed a two-headed ogre
 11652 | D:9      | Killed a two-headed ogre
 11904 | D:9      | Killed an unseen horror
 11904 | D:9      | Reached XP level 11. HP: 78/87 MP: 12/24
 12853 | D:11     | Found a frozen archway.
 12853 | D:11     | Noticed a cyclops
 12856 | D:11     | Killed a cyclops
 13041 | D:10     | Noticed a soul eater
 13044 | D:10     | Reached skill level 6 in Short Blades
 13194 | D:11     | Reached skill level 5 in Conjurations
 13194 | D:11     | Reached skill level 5 in Hexes
 13194 | D:11     | Reached skill level 5 in Charms
 13194 | D:11     | Reached skill level 5 in Summonings
 13194 | D:11     | Reached skill level 5 in Necromancy
 13194 | D:11     | Reached skill level 5 in Translocations
 13194 | D:11     | Reached skill level 5 in Transmutations
 13194 | D:11     | Reached skill level 5 in Fire Magic
 13194 | D:11     | Reached skill level 5 in Ice Magic
 13194 | D:11     | Reached skill level 5 in Air Magic
 13194 | D:11     | Reached skill level 5 in Earth Magic
 13218 | IceCv    | Entered an ice cave
 13832 | D:11     | Got an ancient scale mail
 13850 | D:11     | Identified the +5 scale mail of a sewer {Int+2} (You found
                  | it on level 11 of the Dungeon)
 13939 | D:11     | Reached ****** piety under Cheibriados
 14062 | D:11     | Noticed a deep elf mage
 14071 | D:11     | Killed a deep elf mage
 14511 | D:11     | Found a staircase to the Lair.
 14951 | Lair:1   | Entered Level 1 of the Lair of Beasts
 15215 | Lair:1   | Found the +2 ratskin cloak {+Rats rPois rN+ Str-1 Int-1
                  | Dex+1}
 15489 | Lair:2   | Reached XP level 12. HP: 96/96 MP: 25/25
 15835 | Lair:2   | Reached skill level 10 in Spellcasting
 15838 | Lair:2   | Reached skill level 7 in Short Blades
 15962 | Lair:2   | Noticed a four-headed hydra
 15977 | Lair:2   | Killed a four-headed hydra
 16550 | Lair:3   | Lost mutation: Your spells are a little harder to cast, but
                  | a little more powerful. [potion of mutation]
 16550 | Lair:3   | Gained mutation: You occasionally shout uncontrollably at
                  | your foes. [potion of mutation]
 16550 | Lair:3   | Gained mutation: You are resistant to hostile enchantments.
                  | (MR+) [potion of mutation]
 16842 | Lair:3   | Noticed a death yak
 16844 | Lair:3   | Noticed a death yak
 16844 | Lair:3   | Noticed a death yak
 16849 | Lair:3   | Killed a death yak
 16850 | Lair:3   | Killed a death yak
 16850 | Lair:3   | Killed a death yak
 16850 | Lair:3   | Noticed a death yak
 16993 | Lair:3   | Killed a death yak
 16993 | Lair:3   | Reached XP level 13. HP: 105/105 MP: 14/27
 17071 | Lair:3   | Got a distressingly furry ring mail
 17082 | Lair:3   | Identified the +3 ring mail "Juideec" {Str+5} (You found it
                  | on level 3 of the Lair of Beasts)
 17183 | Lair:3   | Found a staircase to the Shoals.
 17269 | Lair:3   | Found a staircase to the Snake Pit.
 18239 | Lair:4   | Reached skill level 8 in Short Blades
 18736 | Lair:4   | Learned a level 5 spell: Bolt of Magma
 18742 | Lair:4   | Learned a level 5 spell: Borgnjor's Vile Clutch
 18828 | Lair:5   | Found a viscous altar of Jiyva.
 19498 | Lair:5   | Found a staircase to the Slime Pits.
 19661 | Lair:6   | Entered Level 6 of the Lair of Beasts
 19668 | Lair:6   | Noticed Sonja
 19671 | Lair:6   | Killed Sonja
 20235 | Lair:6   | Reached XP level 14. HP: 107/113 MP: 23/29
 20660 | Lair:6   | Reached skill level 10 in Fighting
 20891 | Lair:6   | Reached skill level 9 in Short Blades
 21976 | Lair:6   | Reached skill level 10 in Invocations
 22686 | Lair:6   | Identified the Grimoire of Cold and Boosts
 23194 | D:12     | Found a roughly hewn altar of Beogh.
 23199 | D:12     | Found a staircase to the Orcish Mines.
 24498 | D:12     | Learned a level 5 spell: Fireball
 24499 | Orc:1    | Entered Level 1 of the Orcish Mines
 24500 | Orc:1    | Noticed an orc warlord
 24535 | D:12     | Killed an orc warlord
 24801 | Orc:1    | Reached XP level 15. HP: 121/121 MP: 19/30
 24824 | Orc:1    | Reached skill level 10 in Throwing
 24824 | Orc:1    | Reached skill level 10 in Dodging
 24824 | Orc:1    | Reached skill level 10 in Shields
 24834 | Orc:1    | Reached skill level 10 in Short Blades
 25139 | Orc:2    | Entered Level 2 of the Orcish Mines
 25969 | Orc:2    | Noticed Erolcha
 25981 | Orc:2    | Killed Erolcha
 26266 | Orc:2    | Found a staircase to the Elven Halls.
 26388 | Orc:2    | Found Totoatih's Assorted Antiques.
 26388 | Orc:2    | Found Ruices's Distillery.
 26388 | Orc:2    | Found Muxacal's Food Boutique.
 26391 | Orc:2    | Found Wejuyth's Gadget Boutique.
 26394 | Orc:2    | Bought a potion of mutation for 272 gold pieces
 26394 | Orc:2    | Bought a scroll of blinking for 255 gold pieces
 26397 | Orc:2    | Bought a potion of might for 48 gold pieces
 26397 | Orc:2    | Bought a potion of magic for 96 gold pieces
 26397 | Orc:2    | Bought a potion of heal wounds for 60 gold pieces
 26397 | Orc:2    | Bought a potion of mutation for 96 gold pieces
 26397 | Orc:2    | Bought a potion of heal wounds for 60 gold pieces
 26397 | Orc:2    | Lost mutation: You are resistant to hostile enchantments.
                  | (MR+) [potion of mutation]
 26397 | Orc:2    | Lost mutation: You occasionally shout uncontrollably at
                  | your foes. [potion of mutation]
 26397 | Orc:2    | Lost mutation: You have a pair of small antennae on your
                  | head. [potion of mutation]
 26397 | Orc:2    | Gained mutation: You are frail. (-10% HP) [potion of
                  | mutation]
 26397 | Orc:2    | Lost mutation: You are frail. (-10% HP) [potion of
                  | mutation]
 26397 | Orc:2    | Gained mutation: You have a somewhat thin skeletal
                  | structure. (Dex +2, Stealth) [potion of mutation]
 26398 | Orc:2    | Lost mutation: You are resistant to electric shocks.
                  | (rElec) [potion of mutation]
 26398 | Orc:2    | Lost mutation: You have a somewhat thin skeletal structure.
                  | (Dex +2, Stealth) [potion of mutation]
 26398 | Orc:2    | Lost mutation: You do not regenerate when monsters are
                  | visible. [potion of mutation]
 26398 | Orc:2    | Gained mutation: Your magical capacity is low. (-10% MP)
                  | [potion of mutation]
 26398 | Orc:2    | Gained mutation: Your flesh is cold resistant. (rC+)
                  | [potion of mutation]
 26398 | Orc:2    | Gained mutation: You are completely covered in rugged brown
                  | scales. (AC +3, +7% HP) [potion of mutation]
 26878 | D:13     | Got an obsidian-encrusted chain mail
 26889 | D:13     | Identified the cursed +1 chain mail of Lomuvu {*Corrode rC+
                  | rN+++ SInv} (You found it on level 13 of the Dungeon)
 27050 | D:13     | Reached skill level 10 in Long Blades
 27050 | D:13     | Reached skill level 10 in Axes
 27050 | D:13     | Reached skill level 10 in Maces & Flails
 27050 | D:13     | Reached skill level 10 in Polearms
 27050 | D:13     | Reached skill level 10 in Staves
 27050 | D:13     | Reached skill level 10 in Slings
 27050 | D:13     | Reached skill level 10 in Bows
 27050 | D:13     | Reached skill level 10 in Crossbows
 27050 | D:13     | Reached skill level 10 in Armour
 27050 | D:13     | Reached skill level 10 in Stealth
 27050 | D:13     | Reached skill level 10 in Unarmed Combat
 27050 | D:13     | Reached skill level 10 in Evocations
 27451 | D:13     | Found a gate to the Vaults.
 27800 | D:8      | Bought a steaming long sword for 263 gold pieces
 27800 | D:8      | Identified the +6 long sword of vurker's Destruction
                  | {speed, Fragile rF+++ rC- Int+7} (You bought it in a shop
                  | on level 8 of the Dungeon)
 28145 | D:14     | Reached skill level 11 in Short Blades
 28464 | D:14     | Noticed Jorgrun
 28470 | D:14     | Killed Jorgrun
 28470 | D:14     | Reached XP level 16. HP: 132/132 MP: 14/29
 29160 | D:15     | Entered Level 15 of the Dungeon
 29439 | D:15     | Paralysed by an ogre mage for 2 turns
 29736 | D:15     | Noticed Nessos
 29740 | D:15     | Killed Nessos
 30256 | D:15     | Found a shattered altar of Ashenzari.
 30811 | D:15     | Reached skill level 12 in Short Blades
 30995 | D:15     | Found a staircase to the Depths.
 31000 | D:15     | Reached skill level 10 in Poison Magic
 31519 | Snake:1  | Entered Level 1 of the Snake Pit
 31806 | Snake:1  | Noticed Donald
 31816 | Snake:1  | Killed Donald
 32238 | Snake:1  | Reached XP level 17. HP: 141/141 MP: 30/30
 32808 | Snake:1  | Found Sadghust's Antique Armour Shoppe.
 32808 | Snake:1  | Found Colunk's Assorted Antiques.
 32816 | Snake:1  | Bought a slimy long sword for 238 gold pieces
 32816 | Snake:1  | Bought a scroll of teleportation for 84 gold pieces
 32816 | Snake:1  | Bought a scroll of teleportation for 84 gold pieces
 32816 | Snake:1  | Bought a scroll of enchant weapon for 210 gold pieces
 32816 | Snake:1  | Identified the +3 long sword "Zipeesukk" {elec, rC- MR++
                  | Str+3 Stlth+} (You bought it in a shop on level 1 of the
                  | Snake Pit)
 34475 | Snake:3  | Reached skill level 13 in Short Blades
 35107 | Snake:3  | Learned a level 5 spell: Summon Mana Viper
 35512 | Snake:4  | Entered Level 4 of the Snake Pit
 36498 | Snake:4  | Reached skill level 10 in Conjurations
 36498 | Snake:4  | Reached skill level 10 in Hexes
 36498 | Snake:4  | Reached skill level 10 in Charms
 36498 | Snake:4  | Reached skill level 10 in Summonings
 36498 | Snake:4  | Reached skill level 10 in Necromancy
 36498 | Snake:4  | Reached skill level 10 in Translocations
 36498 | Snake:4  | Reached skill level 10 in Transmutations
 36498 | Snake:4  | Reached skill level 10 in Fire Magic
 36498 | Snake:4  | Reached skill level 10 in Ice Magic
 36498 | Snake:4  | Reached skill level 10 in Air Magic
 36498 | Snake:4  | Reached skill level 10 in Earth Magic
 36673 | Snake:4  | Reached XP level 18. HP: 150/150 MP: 13/31
 37206 | Snake:4  | Noticed Vashnia
 38196 | Snake:4  | Killed Vashnia
 38196 | Snake:4  | Reached skill level 14 in Short Blades
 38341 | Snake:4  | Got a serpentine rune of Zot
 38662 | Shoals:1 | Entered Level 1 of the Shoals
 38666 | Shoals:1 | Noticed Nikola
 38693 | Shoals:1 | Noticed Louise
 38718 | Lair:3   | Killed from afar by Nikola

Illustrated notes

Levels and vault maps discovered:
D:1:      erik_arrival_blinker_ship, layout_loops_ring, minmay_distorted
D:2:      layout_rooms, chequers_serial_rivers_micro_c
D:3:      layout_loops_cross, amethyst_overflow_temple_binary
D:4:      layout_layer_cave, chequers_temple_overflow_statue_of_worship,
          nicolae_overflow_hidden_temple, minmay_temple_entry_grid,
          serial_shops, shop, first_ration
D:5:      wander_river, layout_rooms, portal_sewer_entry_f,
          serial_co_window_serial, co_window_paths_b, co_window_cross_1,
          co_window_corner_a, co_window_paths_a, co_window_paths_a,
          co_window_paths_a, co_window_paths_a, co_window_broadway_b,
          co_window_paths_c, co_window_of_opportunity_c, glass_columns_a,
          uniq_menkaure, uniq_prince_ribbit1, uniq_duvessa
D:6:      layout_basic, serial_shops, nicolae_shop_trees
D:7:      layout_gridville, fedhas_altar_3
D:8:      layout_basic, lightli_ossuary_entry_decrepit_ruins, serial_shops,
          nicolae_shop_behind_doors, shop, shop, shop
D:9:      layout_irregular_city
D:10:     layout_rooms, serial_shops, kennysheep_mini_moat
D:11:     layout_basic, erik_lair_dragon, portal_ice_cave_entry_imps
D:12:     layout_layer_cave, david_orc_5
D:13:     layout_roguey, ximxim_vaults_locker_room, gauntlet_entry_generic
D:14:     layout_rooms, serial_bayou, serial_bayou_shore_a,
          serial_bayou_shore_b, serial_bayou_lake_a, serial_bayou_pond_d,
          minmay_misc_feat_pillars, uniq_jorgrun
D:15:     grunt_enter_depths_magical_seal, layout_basic, serial_corexii_hall,
          chequers_hall_statues_y, corexii_hall_statues_i,
          corexii_hall_statues_s, corexii_hall_statues_i,
          evilmike_ruin_ashenzari, uniq_nessos
Temple:   eino_temple_scatter_basement
Lair:1:   layout_hall_layers
Lair:2:   layout_misc_corridors, grunt_megastairs_1, lemuel_fruit_fields,
          infiniplex_staircase_pool, lemuel_fruit_tree
Lair:3:   layout_regular_city, minmay_shoals_entry_lonely_mermaid,
          guppyfry_snake_entry_island, serial_bayou_shore_b, grunt_megastairs_3
Lair:4:   statuecave_lemuel, layout_gridlike, serial_bayou_shore_b,
          serial_bayou_shore_b, grunt_megastairs_5
Lair:5:   layout_regular_city, slime_altar_1
Lair:6:   minmay_lair_end_frog_pond, layout_loops_ring, uniq_sonja
Shoals:1: layout_shoals, yaktaur_hedge, uniq_frances, uniq_nikola, uniq_louise,
          uniq_roxanne
Snake:1:  layout_onion_interference, minmay_shoptagon, grunt_megastairs_2,
          serial_bayou_shore_b, serial_bayou_shore_b, uniq_donald
Snake:2:  layout_onion_interference, st_stairs_4, serial_bayou_shore_b
Snake:3:  onia_ninara_swampy_vault, layout_basic, drop_trap,
          serial_bayou_lagoon_a
Snake:4:  minmay_snake_end_coiled, layout_misc_corridors, uniq_vashnia
Orc:1:    layout_diamond_mine
Orc:2:    st_orc_mages, layout_caves, uniq_erolcha

Skill      XL: |  1  2  3  4  5  6  7  8  9 10 11 12 13 14 15 16 17 18 |
---------------+-------------------------------------------------------+-----
Invocations    | 1 2 3 4 5 6 7 8 9 10 11 12 13 | 13.0
Short Blades   | 1 2 3 4 5 6 7 8 9 11 12 13 14 | 14.1
Long Blades    | 1 2 3 4 5 6 7 8 9 10 11 12 | 12.0
Axes           | 1 2 3 4 5 6 7 8 9 10 11 12 | 12.0
Maces & Flails | 1 2 3 4 5 6 7 8 9 10 11 12 | 12.0
Polearms       | 1 2 3 4 5 6 7 8 9 10 11 12 | 12.0
Staves         | 1 2 3 4 5 6 7 8 9 10 11 12 | 12.0
Slings         | 1 2 3 4 5 6 7 8 9 10 11 12 | 12.0
Bows           | 1 2 3 4 5 6 7 8 9 10 11 12 | 12.0
Crossbows      | 1 2 3 4 5 6 7 8 9 10 11 12 | 12.0
Armour         | 1 2 3 4 5 6 7 8 9 10 11 12 | 12.0
Stealth        | 1 2 3 4 5 6 7 8 9 10 11 12 | 12.0
Unarmed Combat | 1 2 3 4 5 6 7 8 9 10 11 12 | 12.0
Evocations     | 1 2 3 4 5 6 7 8 9 10 11 12 | 12.0
Conjurations   | 1 2 3 4 5 6 7 8 9 10 | 10.3
Hexes          | 1 2 3 4 5 6 7 8 9 10 | 10.3
Charms         | 1 2 3 4 5 6 7 8 9 10 | 10.3
Summonings     | 1 2 3 4 5 6 7 8 9 10 | 10.3
Necromancy     | 1 2 3 4 5 6 7 8 9 10 | 10.3
Translocations | 1 2 3 4 5 6 7 8 9 10 | 10.3
Transmutations | 1 2 3 4 5 6 7 8 9 10 | 10.3
Fire Magic     | 1 2 3 4 5 6 7 8 9 10 | 10.3
Ice Magic      | 1 2 3 4 5 6 7 8 9 10 | 10.3
Air Magic      | 1 2 3 4 5 6 7 8 9 10 | 10.3
Earth Magic    | 1 2 3 4 5 6 7 8 9 10 | 10.3
Throwing       | 3 4 5 6 7 8 9 10 11 12 | 12.3
Dodging        | 3 4 5 6 7 8 9 10 11 12 | 12.3
Shields        | 3 4 5 6 7 8 9 10 11 12 | 12.3
Poison Magic   | 4 5 6 7 8 9 10 11 | 11.0
Fighting       | 5 6 7 8 9 10 11 12 | 12.7
Spellcasting   | 8 9 10 11 12 13 | 13.6

Action                   |  1- 3 |  4- 6 |  7- 9 | 10-12 | 13-15 | 16-18 || total
-------------------------+-------+-------+-------+-------+-------+-------++-------
Melee: Club              |    65 |       |       |       |       |       ||    65
       Whip              |   103 |   360 |   336 |       |   159 |   256 ||  1214
       Short sword       |     5 |       |       |       |       |       ||     5
       Bite              |    10 |    51 |    85 |    72 |   163 |   273 ||   654
       Punch             |       |     1 |     5 |       |       |       ||     6
       Flail             |       |       |   201 |   303 |   537 |       ||  1041
       Unarmed           |       |       |       |       |    29 |       ||    29
       Scimitar          |       |       |       |       |       |   752 ||   752
       Long sword        |       |       |       |       |       |    25 ||    25
 Cast: Sting             |     2 |       |       |       |       |       ||     2
       Poisonous Vapours |       |       |    10 |    43 |     9 |       ||    62
       Olgreb's Toxic Ra |       |       |     5 |    34 |    82 |    23 ||   144
       Ignite Poison     |       |       |     3 |    18 |    55 |    11 ||    87
       Bolt of Magma     |       |       |       |       |    73 |    70 ||   143
       Borgnjor's Vile C |       |       |       |       |    38 |    31 ||    69
       Fireball          |       |       |       |       |     7 |    33 ||    40
       Summon Mana Viper |       |       |       |       |       |     4 ||     4
Invok: Slouch            |       |       |       |       |       |     2 ||     2
Evoke: Wand              |       |       |     3 |     9 |     8 |     3 ||    23
  Use: Potion            |       |     1 |    11 |     2 |     3 |     3 ||    20
       Scroll            |       |     4 |     8 |     7 |     9 |    13 ||    41
 Stab: Paralysed         |       |       |     2 |       |       |       ||     2
       Sleeping          |       |       |     5 |    11 |     9 |     6 ||    31
       Distracted        |       |       |       |     1 |     2 |     2 ||     5
       Petrified         |       |       |       |       |     3 |       ||     3
  Eat: Chunk             |     2 |    13 |     7 |     8 |    20 |     9 ||    59
       Ration            |       |       |       |     1 |     1 |     3 ||     5
Armor: Robe              |    16 |       |       |       |       |       ||    16
       Plate armour      |    83 |   257 |   160 |       |       |       ||   500
       Skin              |       |    19 |    24 |       |    15 |       ||    58
       Leather armour    |       |       |    41 |    38 |       |       ||    79
       Scale mail        |       |       |       |    36 |   174 |   249 ||   459
Dodge: Dodged            |    84 |   213 |   358 |   332 |   680 |  1044 ||  2711
Block: Buckler           |       |       |    29 |   138 |   380 |   146 ||   693
       Kite shield       |       |       |       |       |       |   788 ||   788
       Reflection        |       |       |       |       |       |   121 ||   121
       Rpst.: Scimitar   |       |       |       |       |       |   129 ||   129
       Long sword        |       |       |       |       |       |     4 ||     4

Table legend:
 A = Non-vault XP
 B = Vault XP
 C = Vault XP percentage of total XP
 D = Non-vault monster count
 E = Vault monster count
 F = Vault count percentage of total count
                 A         B        C        D         E       F
            +---------+---------+-------+---------+---------+-------
      Total |  200101 |   82526 |  29.2 |     811 |     283 |  25.9
            +---------+---------+-------+---------+---------+-------
        D:1 |      40 |       3 |   7.0 |      23 |       2 |   8.0
        D:2 |      82 |       0 |   0.0 |      35 |       0 |   0.0
        D:3 |     113 |       0 |   0.0 |      31 |       0 |   0.0
        D:4 |     408 |       0 |   0.0 |      17 |       0 |   0.0
        D:5 |     460 |     499 |  52.0 |      26 |       9 |  25.7
        D:6 |     863 |       0 |   0.0 |      16 |       0 |   0.0
        D:7 |    1034 |       0 |   0.0 |      23 |       0 |   0.0
        D:8 |    1690 |       0 |   0.0 |      15 |       0 |   0.0
        D:9 |    3623 |       0 |   0.0 |      37 |       0 |   0.0
       D:10 |    1077 |      70 |   6.1 |      12 |       7 |  36.8
       D:11 |    4207 |    1577 |  27.3 |      32 |      11 |  25.6
       D:12 |    5168 |     747 |  12.6 |      19 |      21 |  52.5
       D:13 |    4972 |    3681 |  42.5 |      26 |      11 |  29.7
       D:14 |   17705 |    2768 |  13.5 |      57 |       1 |   1.7
       D:15 |   24585 |    9731 |  28.4 |      53 |      13 |  19.7
     Temple |      92 |       0 |   0.0 |       5 |       0 |   0.0
     Lair:1 |    1246 |       0 |   0.0 |       5 |       0 |   0.0
     Lair:2 |    5260 |    2025 |  27.8 |      20 |       6 |  23.1
     Lair:3 |   10971 |    1369 |  11.1 |      27 |       5 |  15.6
     Lair:4 |    5086 |     332 |   6.1 |      16 |       2 |  11.1
     Lair:5 |    5786 |     869 |  13.1 |      23 |       3 |  11.5
     Lair:6 |   16581 |   14045 |  45.9 |      48 |      49 |  50.5
   Shoals:1 |    2679 |       0 |   0.0 |       6 |       0 |   0.0
    Snake:1 |   16869 |    2696 |  13.8 |      35 |       3 |   7.9
    Snake:2 |    7080 |     966 |  12.0 |      11 |       2 |  15.4
    Snake:3 |   26798 |    6367 |  19.2 |      51 |      13 |  20.3
    Snake:4 |   18059 |   28178 |  60.9 |      40 |      45 |  52.9
      Orc:1 |   10652 |       3 |   0.0 |      50 |       1 |   2.0
      Orc:2 |    6915 |    5795 |  45.6 |      52 |      39 |  42.9
    Ossuary |       0 |     454 | 100.0 |       0 |      39 | 100.0
      IceCv |       0 |     351 | 100.0 |       0 |       1 | 100.0
            +---------+---------+-------+---------+---------+-------
